Workbook
Name diapas: #REF!
Name diapas: #REF!
Name diapas: #REF!
Name IndNamePredp: #REF!
Name IndNamePredp: #REF!
Name IndNamePredp: #REF!
Name SpisokVvoda: #REF!
Name SpisokVvoda: #REF!
Name SpisokVvoda: #REF!
Name ддд: #REF!
Name ддд: #REF!
Name ддд: #REF!

Sheet налоги
A2: БЮДЖЕТГА ТЎЛОВЛАР ТЎҒРИСИДА МАЪЛУМОТ СПРАВКА О ПЛАТЕЖАХ В БЮДЖЕТ по АО "БИОКИМЕ" на 1 июля 2024 г.
A4: Кўрсаткичлар номи Наименование показателя | B4: Сатр коди Код строки | C4: остаток на начало | D4: Ҳисоб бўйича тўланади Причитается по расчету за 1 полуг. 2026 года | E4: Ҳақиқатда тўланган Фактически внесено из причитающихся за отчетного периода | F4: Ҳақиқатда тўланган Фактически внесено из расчета за 2025 год | G4: остаток на конец
C5: 1 | D5: 1 | E5: 2 | F5: 3 | G5: 3
A6: юридик шахслардан олинадиган даромад(фойда) солиги Налог на доходы (прибыль)с юридических лиц | B6: 280 | C6: -151028 | D6: 1469110 | E6: 1501752 | F6: =E6-C6 -> 1652780 | G6: =H6 -> -183670 | H6: =C6+D6-E6 -> -183670
A7: жисмоний шахслардан олинадиган даромад солиги Налог на доходы с физических лиц | B7: 290 | C7: 0 | D7: 1618949 | E7: =1605519+13430 -> 1618949 | F7: =E7-C7 -> 1618949 | G7: =H7 -> 0 | H7: =C7+D7-E7 -> 0
A8: Шу жумладан: шахсий жамгариб бориладиган пенсия хисобварикларига ажратмалар в том числе :отчисления в ИНПС граждан | B8: 291 | C8: 0 | D8: 13430 | E8: 13430 | F8: =E8-C8 -> 13430 | G8: =H8 -> 0 | H8: =C8+D8-E8 -> 0
A9: ободонлаштиртиш ва ижтимоий инфратузулмани ривожлантириш солиги Налог на благоустройство и развитие социальной инфраструктуры | B9: 300 | C9: 0 | D9: 0 | E9: 0 | F9: =E9-C9 -> 0 | G9: 0 | H9: =C9+D9-E9 -> 0
A10: Қўшилган қиймат солиғи Налог на добавленную стоимость | B10: 310 | C10: -94150 | D10: =14909132+31602 -> 14940734 | E10: =15000000+31602 -> 15031602 | F10: =E10-C10 -> 15125752 | G10: =H10 -> -185018 | H10: =C10+D10-E10 -> -185018 | K10: 449731 | L10: нерезидент услуги НДС
A11: Акциз солиғи Акцизный налог | B11: 320 | C11: 0 | D11: 91003605 | E11: 74306802 | F11: =E11-C11 -> 74306802 | G11: =H11 -> 16696803 | H11: =C11+D11-E11 -> 16696803 | L11: 4.4973083e+08
A12: Ер ости бойликларидан фойдаланганлик учун солиқ Налог за пользование недрами | B12: 330 | C12: 0 | E12: 0 | F12: =E12-C12 -> 0 | G12: 0 | H12: =C12+D12-E12 -> 0
A13: Сув ресурсларидан фойдаланганлик учун солиқ Налог за пользование водными ресурсами | B13: 340 | C13: -158524 | D13: =725634+1278 -> 726912 | E13: 579817 | F13: =E13-C13 -> 738341 | G13: =H13 -> -11429 | H13: =C13+D13-E13 -> -11429
A14: Юридик шахсларнинг Мол-мулкига солиғи Налог на имущество юридических лиц | B14: 350 | C14: -28514 | D14: 445968 | E14: 424000 | F14: =E14-C14 -> 452514 | G14: =H14 -> -6546 | H14: =C14+D14-E14 -> -6546
A15: Юридик шахсларнингдан олинадиган ер солиғи Земельный налог с юридических лиц | B15: 360 | C15: 0 | D15: 390158 | E15: 390158 | F15: =E15-C15 -> 390158 | G15: =H15 -> 0 | H15: =C15+D15-E15 -> 0
A16: Ягона солиқ тулови Налог на прибыль с нерезидента | B16: 370 | D16: 0 | E16: 0 | F16: =E16-C16 -> 0 | H16: =C16+D16-E16 -> 0
A17: девиденды | B17: 380 | C17: 0 | D17: 19605 | E17: 19605 | F17: =E17-C17 -> 19605 | G17: =H17 -> 0 | H17: =C17+D17-E17 -> 0
A18: Катъий белгиланган солик Фиксированный налог ( налог на износ оборудование) | B18: 390 | D18: 0 | E18: 0 | F18: 0 | H18: =C18+D18-E18 -> 0
A19: Бошқа солиқлар Прочие налоги ПФ 8% от з/пл работников | B19: 400 | D19: 0 | E19: 0 | F19: =E19-C19 -> 0 | H19: =C19+D19-E19 -> 0
A20: Республика йул жамгармаси мажбурий туловлар Обязательные отчисления в Республиканский дорожный фонд | B20: 410 | D20: 0 | E20: 0 | F20: =E20-C20 -> 0 | H20: =C20+D20-E20 -> 0
A21: Бюджетдан ташкари Пенсия жамгармасига мажбурий туловлар Обязательные отчисления во внебюджетный фонд | B21: 420 | D21: 0 | E21: 0 | F21: =E21-C21 -> 0 | H21: =C21+D21-E21 -> 0 | L21: =G6+G10+G13+G14 -> -386663
A22: Мактаб таълими жамгармасига мажбурий туловлар Обязательные отчисления в Фонд школьного образования | B22: 430 | D22: 0 | E22: 0 | F22: =E22-C22 -> 0 | H22: =C22+D22-E22 -> 0
A23: Ягона ижтимоий тулови Единый социальный платеж | B23: 440 | C23: 0 | D23: 1631653 | E23: 1631653 | F23: =E23-C23 -> 1631653 | G23: =H23 -> 0 | H23: =C23+D23-E23 -> 0
A24: Импорт буйича божхона божи Импортные таможенные пошлины ЦФ 3,2% | B24: 450 | D24: 0 | E24: 0 | F24: 0 | H24: =C24+D24-E24 -> 0
A25: Махаллий бюджетга йигимлар Сборы в местный бюджет ст 15,12 | B25: 460 | F25: =E25-C25 -> 0 | H25: =C25+D25-E25 -> 0
A26: Бюджетга тўловларнинг кечиктирилганлиги учун молиявий жазолар Финансовые санкции за просроченные платежи в бюджет | B26: 470 | C26: 0 | F26: =E26-C26 -> 0 | G26: =H26 -> 0 | H26: =C26+D26-E26 -> 0 | L26: 52156711
A27: Жами бюджетга тўловлар суммаси (280 дан 470 сатргача,291 сатрлардан ташқари) Всего сумма платежей в бюджет (стр. с 280 по 470 кроме стр.291) | B27: 480 | C27: =SUM(C6:C26)-C8 -> -432216 | D27: =SUM(D6:D26)-D8 -> 112246694 | E27: =SUM(E6:E26)-E8 -> 95504338 | F27: =SUM(F6:F26)-F8 -> 95936554 | G27: =SUM(G6:G26)-G8 -> 16310140 | L27: =E27-L26 -> 43347627
A29: Раҳбар Руководитель___________________________ | C29: =C27 -> -432216 | D29: =D27 -> 112246694 | E29: =E27 -> 95504338 | F29: =F27 -> 95936554 | G29: =C29+D29-E29 -> 16310140 | H29: =C29+D29-E29 -> 16310140
A30: Бош бухгалтер Главный бухгалтер______________________
E34: 177217821
E35: =E34-E29 -> 81713483
G37: =E34-150000 -> 177067821
E39: =E27-E6 -> 94002586
E43: =E27-E6 -> 94002586
E45: =E27-E26 -> 95504338

Sheet Баланс
B1: Ўзбекистон Республикаси Молия вазирининг 2002 йил 27 де- кабрдаги 140-сонли буйруғига 1-сонли илова, ЎзР АВ томо- нидан 2003 й. 24 январда рўйхатга олинган N 1209 Приложение N 1 к Приказу министра финансов от 27 декаб- ря 2002 г. N 140, зарегистрированному МЮ 24 января 2003 г. N 1209
A3: БУХГАЛТЕРИЯ БАЛАНСИ - 1-сонли шакл
A4: БУХГАЛТЕРСКИЙ БАЛАНС - форма N 1
B5: 2026 йил 1 июль
B6: на 1 июля 2026 года
D8: Кодалар Коды
A9: Корхона, ташкилот Предпритие, организация АО BIOKIMYO | C9: БҲУТ бўйича 1-шакл Форма N 1 по ОКУД
C10: КТУТ бўйича- по ОКПО- | D10: ОО478983
A11: Тармоқ Отрасль _промышленность_______________________________ | C11: ХХТУТ бўйича- по ОКОНХ- | D11: 18141
A12: Ташкилий-ҳуқуқий шакли Организационно-правовая форма | C12: ТҲШТ бўйича- по КОПФ- | D12: 1151
A13: Мулкчилик шакли Форма собственности _ Аакционерное | C13: МШТ бўйича- по КФС- | D13: 144
A14: Вазирлик, идора ва бошєалар Министерства, ведомства и другие | C14: ДБИБТ бўйича- по СООГУ- | D14: 8254
A15: Солиқ тўловчининг идентификацион рақами Идентификационный номер налогоплательщика 200468069 | C15: СТИР- ИНН- | D15: 200468069
A16: Ҳудуд Территория | C16: МҲОБТ- СОАТО- | D16: 1727424
A17: Манзил Адрес Янгиюль шахар ул.Кимегар 1 | C17: Жўнатилган сана- Дата высылки-
A18: Ўлчов бирлиги, минг сўм Единица измерения, тыс. сум. | C18: қабул қилинган сана- Дата получения-
C19: Тақдим қилиш муддати- Срок представления | D19: 01.07.2026 г
B35: Сатр коди Код стр. | C35: Ҳисобот даври бошига На начало отчетного периода | D35: Ҳисобот даври охирига На конец отчетного периода
A36: А к т и в .
A37: 1 | B37: 2 | C37: 3 | D37: 4
A38: I. Узоқ муддатли активлар I. Долгосрочные активы
A39: Асосий воситалар: Основные средства:
A40: Бошланғич (қайта тиклаш) қиймати (0100, 0300) Первоначальная (восстановительная) стоимость (0100, 0300) | B40: 010 | C40: 99101424 | D40: 104004721
A41: Эскириш суммаси (0200) Сумма износа (0200) | B41: 011 | C41: 37979326 | D41: 42786245 | F41: =D41-C41 -> 4806919
A42: Қолдиқ (баланс) қиймати (сатр. 010 - 011) Остаточная (балансовая) стоимость (стр. 010-011) | B42: 012 | C42: =C40-C41 -> 61122098 | D42: =D40-D41 -> 61218476
A43: Номоддий активлар: Нематериальные активы:
A44: Бошланғич қиймати (0400) Первоначальная стоимость (0400) | B44: 020
A45: Амортизация суммаси (0500) Сумма амортизации (0500) | B45: 021
A46: Қолдиқ (баланс) қиймати (сатр. 020 - 021) Остаточная (балансовая) стоимость (стр. 020-021) | B46: 022 | C46: =C44-C45 -> 0 | D46: =D44-D45 -> 0
A47: Узоқ муддатли инвестициялар, жами (сатр.040+050+060+070+080), шу жумладан: Долгосрочные инвестиции, всего (стр.040+050+060+070+080), в том числе: | B47: 030 | C47: =C48+C49+C50+C51+C52 -> 433898 | D47: =D48+D49+D50+D51+D52 -> 433898
A48: Қимматли қоғозлар (0610) Ценные бумаги (0610) | B48: 040 | C48: 0 | D48: 0
A49: Шўъба хўжалик жамиятларига инвестициялар (0620) Инвестиции в дочерние хозяйственные общества (0620) | B49: 050 | C49: 0 | D49: 0
A50: Қарам хўжалик жамиятларига инвестициялар (0630) Инвестиции в зависимые хозяйственные общества (0630) | B50: 060 | C50: 0 | D50: 0
A51: Чет эл капитали мавжуд бўлган корхоналарга инвестициялар (0640) Инвестиции в предприятие с иностранным капиталом (0640) | B51: 070
A52: Бошқа узоқ муддатли инвестициялар (0690) Прочие долгосрочные инвестиции (0690) | B52: 080 | C52: 433898 | D52: 433898
A53: Ўрнатиладиган асбоб-ускуналар (0700) Оборудование к установке (0700) | B53: 090
A54: Капитал қўйилмалар (0800) Капитальные вложения (0800) | B54: 100 | C54: 4711498 | D54: 884620
A55: Узоқ муддатли дебиторлик қарзлари (0910, 0920, 0930, 0940) Долгосрочная дебиторская задолженность (0910, 0920, 0930, 0940) | B55: 110 | C55: 0 | D55: 0
A56: Узоқ муддатли кечиктирилган харажатлар (0950, 0960, 0990) Долгосрочные отсроченные расходы (0950, 0960, 0990) | B56: 120 | C56: 0 | D56: 0
A57: I бўлим бўйича жами (сатр. 012+022+030+090+100+110+120) Итого по разделу I (стр. 012+022+030+090+100+110+120) | B57: 130 | C57: =C42+C46+C47+C53+C54+C55+C56 -> 66267494 | D57: =D42+D46+D47+D53+D54+D55+D56 -> 62536994
A58: II. Жорий активлар II. Текущие активы
A59: Товар-моддий захиралари, жами (сатр.150+160+170+180), шу жумладан: Товарно-материальные запасы, всего (стр.150+160+170+180), в том числе: | B59: 140 | C59: =C60+C61+C62+C63 -> 23226478 | D59: =D60+D61+D62+D63 -> 21313517
A60: Ишлаб чиқариш захиралари (1000, 1100, 1500, 1600) Производственные запасы (1000, 1100, 1500, 1600) | B60: 150 | C60: 12714283 | D60: 4660931
A61: Тугалланмаган ишлаб чиқариш (2000, 2100, 2300, 2700) Незавершенное производство (2000, 2100, 2300, 2700) | B61: 160 | C61: 3232844 | D61: =3697999+26432+1 -> 3724432
A62: Тайёр маҳсулот (2800) Готовая продукция (2800) | B62: 170 | C62: 7279351 | D62: 12928154
A63: Товарлар (2910дан2980нинг айирмаси) Товары (2900 за минусом 2980) | B63: 180 | C63: 0 | D63: 0
A64: Келгуси давр харажатлари (3100) Расходы будущих периодов (3100) | B64: 190 | D64: 823713
A65: Кечиктирилган харажатлар (3200) Отсроченные расходы (3200) | B65: 200 | C65: 0 | D65: 0
A66: Дебиторлар, жами (сатр.220+230+240+250+260+270+280+290+300+ 310) Дебиторы, всего (стр.220+230+240+250+260+ 270+ 280+290+300+310) | B66: 210 | C66: =C68+C69+C70+C71+C72+C73+C74+C75+C76+C77 -> 18923224 | D66: =D68+D69+D70+D71+D72+D73+D74+D75+D76+D77 -> 45142713
A67: шундан: муддати ўтган из нее: просроченная | B67: 211 | C67: 0 | D67: 0
A68: Харидор ва буюртмачиларнинг қарзи (4000 дан 4900 нинг айирмаси) Задолженность покупателей и заказчиков (4000 за минусом 4900) | B68: 220 | C68: 10232693 | D68: 39852332
A69: Ажратилган бўлинмаларнинг қарзи (4110) Задолженность обособленных подразделений (4110) | B69: 230 | C69: 0 | D69: 0
A70: Шўъба ва қарам хўжалик жамиятларнинг қарзи (4120) Задолженность дочерних и зависимых хозяйственных обществ (4120) ФНПЗ | B70: 240 | C70: 0 | D70: 0
A71: Ходимларга берилган бўнаклар (4200) Авансы, выданные персоналу (4200) | B71: 250
A72: Мол етказиб берувчилар ва пудратчиларга берилган бўнаклар (4300) Авансы, выданные поставщикам и подрядчикам (4300) | B72: 260 | C72: 7981591 | D72: 4516950
A73: Бюджетга солиқ ва йиғимлар бўйича бўнак тўловлари (4400) Авансовые платежи по налогам и сборам в бюджет (4400) | B73: 270 | C73: 432217 | D73: 386723
A74: Мақсадли давлат жамғармалари ва суғурталар бўйича бўнак тўловлари (4500) Авансовые платежи в государственные целевые фонды и по страхованию (4500) | B74: 280
A75: Таъсисчиларнинг устав капиталига улушлар бўйича қарзи (4600) Задолженност учредителей по вкладам в уставный капитал (4600) | B75: 290 | C75: 0 | D75: 0
A76: Ходимларнинг бошқа операциялар бўйича қарзи (4700) Задолженность персонала по прочим операциям (4700) | B76: 300 | C76: 163905 | D76: 306525
A77: Бошқа дебиторлик қарзлари (4800) Прочие дебиторские задолженности (4800) | B77: 310 | C77: 112818 | D77: 80183
A78: Пул маблағлари, жами (сатр.330+340+350+360), шу жумладан: Денежные средства, всего (стр.330+340+350+360), в том числе: | B78: 320 | C78: =C79+C80+C81+C82 -> 20111255 | D78: =D79+D80+D81+D82 -> 17376907
A79: Кассадаги пул маблағлари (5000) Денежные средства в кассе (5000) | B79: 330
A80: Ҳисоблашиш счётидаги пул маблағлари (5100) Денежные средства на расчетном счете (5100) | B80: 340 | C80: 20104685 | D80: 17367400
A81: Чет эл валютасидаги пул маблағлари (5200) Денежные средства в иностранной валюте (5200) | B81: 350
A82: Бошқа пул маблағлари ва эквивалентлари (5500, 5600, 5700) Прочие денежные средства и эквиваленты (5500, 5600, 5700) | B82: 360 | C82: =1373+5197 -> 6570 | D82: =2802+6705 -> 9507
A83: Қисқа муддатли инвестициялар (5800) Краткосрочные инвестиции (5800) | B83: 370 | C83: 0 | D83: 0
A84: Бошқа жорий активлар (5900) Прочие текущие активы (5900) | B84: 380 | C84: 0 | D84: 0
A85: II бўлим бўйича жами (сатр.140+190+200+210+320+370+380) Итого по разделу II (стр. 140+190+200+210+320+370+380) | B85: 390 | C85: =C59+C64+C65+C66+C78+C83+C84 -> 62260957 | D85: =D59+D64+D65+D66+D78+D83+D84 -> 84656850
A86: Баланс активи бўйича жами (сатр.130+390) Всего по активу баланса (стр.130+стр.390) | B86: 400 | C86: =C57+C85 -> 128528451 | D86: =D57+D85 -> 147193844
A89: Курсаткичлар номи Наименование показателей | B89: Сатр коди Код стр. | C89: Ҳисобот даври бошига На начало отчетного периода | D89: Ҳисобот даври охирига На конец отчетного периода
A90: П а с с и в .
A91: 1 | B91: 2 | C91: 3 | D91: 4
A92: Устав капитали (8300) Уставный капитал (8300) | B92: 410 | C92: 19139488 | D92: 19139488
A93: Қўшилган капитал (8400) Добавленный капитал (8400) | B93: 420 | C93: 0 | D93: 0
A94: Резерв капитали (8500) Резервный капитал (8500) | B94: 430 | C94: 9306053 | D94: 9264000 | F94: =D94-Ф_5!E29 -> 64543
A95: Сотиб олинган хусусий акциялар (8600) Выкупленные собственные акции (8600) | B95: 440 | C95: 0 | D95: 0
A96: Тақсимланмаган фойда (қопланмаган зарар) (8700) Нераспределенная прибыль (непокрытый убыток) (8700) | B96: 450 | C96: 80633982 | D96: 87964266
A97: Мақсадли тушумлар (8800) Целевые поступления (8800) | B97: 460 | C97: 9501528 | D97: 9501528
A98: Келгуси давр харажатлари ва тўловлари учун захиралар (8900) Резервы предстоящих расходов и платежей (8900) | B98: 470
A99: I бўлим бўйича жами (сатр.410+420+430-440+450+460+470) Итого по разделу I (стр.410+420+430-440+450+460+470) | B99: 480 | C99: =C92+C93+C94+C95+C96+C97+C98 -> 118581051 | D99: =D92+D93+D94+D95+D96+D97+D98 -> 125869282 | F99: =C99-Ф_5!I19 -> 0
A100: II. Мажбуриятлар II. Обязательства
A101: Узоқ муддатли мажбуриятлар, жами (сатр.500+510+520+530+540+550+560+ 570+580+590) Долгосрочные обязательства, всего (стр.500+510+520+530+540+550+560+570+580+ 590) | B101: 490 | C101: =C103+C105+C106+C107+C108+C109+C110+C111+C112 -> 9000000 | D101: =D103+D105+D106+D107+D108+D109+D110+D111+D112 -> 0
A102: шу жумладан: узоқ муддатли кредиторлик қарзлари (сатр.500+520+540+560+590) в том числе: долгосрочная кредиторская задолженность (стр.500+520+540+560+590) | B102: 491 | C102: =C103+C105+C107+C109+C112 -> 0 | D102: =D103+D105+D107+D109+D112 -> 0
A103: Мол етказиб берувчилар ва пудратчиларга узоқ муддатли қарз (7000) Долгосрочная задолженость поставщикам и подрядчикам (7000) | B103: 500 | C103: 0 | D103: 0
A104: Ажратилган бўлинмаларга узоқ муддатли қарз (7110) Долгосрочная задолженность обособленным подразделениям (7110) | B104: 510 | C104: 0 | D104: 0
A105: Шўъба ва қарам хўжалик жамиятларга узоқ муддатли қарз (7120) Долгосрочная задолженность дочерним и зависимым хозяйственным обществам (7120) | B105: 520 | C105: 0 | D105: 0
A106: Узоқ муддатли кечиктирилган даромадлар (7210, 7220, 7230) Долгосрочные отсроченные доходы (7210, 7220, 7230) | B106: 530 | C106: 0 | D106: 0
A107: Солиқ ва мажбурий тўловлар бўйича узоқ муддатли кечиктирилган мажбуриятлар (7240) Долгосрочные отсроченные обязательства по налогам и обязательным платежам (7240) | B107: 540 | C107: 0 | D107: 0
A108: Бошқа узоқ муддатли кечиктирилган мажбуриятлар (7250, 7290) Прочие долгосрочные отсроченные обязательства (7250, 7290) | B108: 550 | C108: 0 | D108: 0
A109: Харидорлар ва буюртмачилардан олинган бўнаклар (7300) Авансы, полученные от покупателей и заказчиков (7300) | B109: 560 | C109: 0 | D109: 0
A110: Узоқ муддатли банк кредитлари (7810) Долгосрочные банковские кредиты (7810) | B110: 570 | C110: 9000000
A111: Узоқ муддатли қарзлар (7820, 7830, 7840) Долгосрочные займы (7820, 7830, 7840) | B111: 580
A112: Бошқа узоқ муддатли кредиторлик қарзлар (7900) Прочие долгосрочные кредиторские задолженности (7900) | B112: 590
A113: жорий мажбуриятлар, жами (сатр.610+630+640+650+660+670+680+690+700+710+ 720+730+740+750+760) Текущие обязательства, всего (стр.610+630+640+650+660+670+680+690+700+710+ 720+730+740+750+760) | B113: 600 | C113: =C116+C118+C119+C120+C121+C122+C123+C124+C125+C126+C127+C128+C129+C130+C131 -> 947400 | D113: =D116+D118+D119+D120+D121+D122+D123+D124+D125+D126+D127+D128+D129+D130+D131 -> 21324562
A114: шу жумладан: жорий кредиторлик қарзлари (сатр.610+630+650+670+680+690+700+710+720+760) в том числе: текущая кредиторская задолженность (стр.610+630+650+670+680+690+ +700+710+720+760) | B114: 601 | C114: =C116+C118+C120+C122+C123+C124+C125+C126+C127+C131 -> 947400 | D114: =D116+D118+D120+D122+D123+D124+D125+D126+D127+D131 -> 18324562
A115: шундан: муддати ўтган жорий кредиторлик қарзлари из нее: просроченная текущая кредиторская задолженность | B115: 602 | C115: 0 | D115: 0
A116: Мол етказиб берувчилар ва пудратчиларга қарз (6000) Задолженность поставщикам и подрядчикам (6000) госрезер и бнпз | B116: 610 | C116: 303 | D116: 10888
A117: Ажратилган бўлинмаларга қарз (6110) Задолженность обособленным подразделениям (6110) | B117: 620 | C117: 0 | D117: 0
A118: Шўъба ва қарам хўжалик жамиятларга қарз (6120) Задолженность дочерним и зависимым хозяйственным обществам (6120) | B118: 630 | C118: 0 | D118: 0
A119: Кечиктирилган даромадлар (6210, 6220, 6230) Отсроченные доходы (6210, 6220, 6230) | B119: 640 | C119: 0 | D119: 0
...

Sheet Фин_рез
B1: Ўзбекистон Республикаси Молия вазирининг 2002 йил 27 де- кабрдаги 140-сонли буйруғига 2-сонли илова, ЎзР АВ томони- дан 2003 й. 24 январда рўйхатга олинган N 1209 Приложение N 2 к Приказу министра финансов от 27 декабря 2002 г. N 140, зарегистрированному МЮ 24 января 2003 г. N 1209
A3: МОЛИЯВИЙ НАТИЖАЛАР ТЎҒРИСИДАГИ ҲИСОБОТ - 2-сонли шакл
A4: ОТЧЕТ О ФИНАНСОВЫХ РЕЗУЛЬТАТАХ - форма N 2
A6: =Баланс!B5 -> 2026 йил 1 июль
A7: =Баланс!B6 -> на 1 июля 2026 года
A9: Корхона, ташкилот Предприятие, организация АО BIOKIMYO | F9: Кодалар Коды
A10: Тармоқ Отрасль _промышленность | E10: БҲУТ бўйича 2-шакл- Форма N 2 по ОКУД-
A11: Ташкилий-ҳуқуқий шакли Организационно-правовая форма открытого типа_ | E11: КТУТ бўйича- по ОКПО- | F11: ОО478983
A12: Мулкчилик шакли Форма собственности __акционерное____ | E12: ХХТУТ бўйича- по ОКОНХ- | F12: 18141
E13: ТҲШТ бўйича- по КОПФ- | F13: 1151
A14: Вазирлик, идора ва бошқалар Министерства, ведомства и другие | E14: МШТ бўйича- по КФС- | F14: 144
E15: ДБИБТ бўйича- по СООГУ- | F15: 8254
A16: Солиқ тўловчининг идентификацион рақами Идентификационный номер налогоплательщика 200468069 | E16: СТИР- ИНН- | F16: 200468069
E17: МҲОБТ- СОАТО- | F17: 1727424
A18: Ҳудуд Территория | E18: Жўнатилган сана- Дата высылки-
A19: Манзил Адрес Янгиюльский р-он ул.Кимегар 1 | E19: Қабул қилинган сана- Дата получения-
A20: Ўлчов бирлиги, минг сўм Единица измерения, тыс. сум. | E20: Тақдим қилиш муддати- Срок представления- | F20: =Баланс!D19 -> 01.07.2026 г
A24: Кўрсаткичлар номи Наименование показателя | B24: Сатр коди Код строки | C24: Ўтган йилнинг шу даврида За соответствующий период прошлого года | E24: Ҳисобот даврида За отчетный период
C25: Даромадлар (фойда) Доходы (прибыль) | D25: Харажатлар (зарарлар) Расходы (убытки) | E25: Даромадлар (фойда) Доходы (прибыль) | F25: Харажатлар (зарарлар) Расходы (убытки)
A26: 1 | B26: 2 | C26: 3 | D26: 4 | E26: 5 | F26: 6
A27: Маҳсулот (товар, иш ва хизмат) ларни сотишдан соф тушум Чистая выручка от реализации продукции (товаров, работ и услуг) | B27: 010 | C27: 104241422 | E27: 111175332 | G27: =E27/C27 -> 1.0665178
A28: Сотилган маҳсулот (товар, иш ва хизмат) ларнинг таннархи Себестоимость реализованной продукции (товаров, работ и услуг) | B28: 020 | D28: 84021482 | F28: 94399654 | G28: =E28/C28 -> #DIV/0!
A29: Маҳсулот (товар, иш ва хизмат) ларни сотишнинг ялпи фойдаси (зарари) (сатр.010-020) Валовая прибыль (убыток) от реализации продукции (товаров, работ и услуг) (стр.010-020) | B29: 030 | C29: 20219940 | E29: =E27-F28 -> 16775678 | G29: =E29/C29 -> 0.82966013
A30: Давр харажатлари, жами (сатр.050+060+070+080), шу жумладан: Расходы периода, всего (стр.050+060+070+080), в том числе: | B30: 040 | D30: 7877221 | F30: =F31+F32+F33 -> 7746568 | G30: =E30/C30 -> #DIV/0!
A31: Сотиш харажатлари Расходы по реализации | B31: 050 | D31: 551811 | F31: 541628 | G31: =E31/C31 -> #DIV/0!
A32: Маъмурий харажатлар Административные расходы | B32: 060 | D32: 2040599 | F32: 2193688 | G32: =E32/C32 -> #DIV/0!
A33: Бошқа операцион харажатлар Прочие операционные расходы | B33: 070 | D33: 5284811 | F33: 5011252 | G33: =E33/C33 -> #DIV/0!
A34: Келгусида солиққа тортиладиган базадан чиқариладиган ҳисобот даври харажатлари Расходы отчетного периода, исключаемые из налогооблагаемой базы в будущем | B34: 080 | G34: =E34/C34 -> #DIV/0!
A35: Асосий фаолиятнинг бошқа даромадлари Прочие доходы от основной деятельности | B35: 090 | C35: 1035374 | E35: 832167 | G35: =E35/C35 -> 0.80373565
A36: Асосий фаолиятнинг фойдаси (зарари) (сатр. 030-040+090) Прибыль (убыток) от основной деятельности (стр.030-040+090) | B36: 100 | C36: 13378093 | E36: =E29-F30+E35 -> 9861277 | G36: =E36/C36 -> 0.73712128
A37: Молиявий фаолиятнинг даромадлари, жами (сатр.120+130+140+150+160), шу жумладан: Доходы от финансовой деятельности, всего (стр.120+130+140+150+160), в том числе: | B37: 110 | C37: 68138 | E37: =E41+E39 -> 181291 | G37: =E37/C37 -> 2.6606446
A38: Дивидендлар шаклидаги даромадлар Доходы в виде дивидендов | B38: 120 | G38: =E38/C38 -> #DIV/0!
A39: Фоизлар шаклидаги даромадлар Доходы в виде процентов | B39: 130 | E39: 176102 | G39: =E39/C39 -> #DIV/0!
A40: Узоқ муддатли ижара (лизинг) дан даромадлар Доходы от долгосрочной аренды (лизинг) (Строка в редакции Приказа МФ, зарегистрированного МЮ 12.11.2003 г. N 1209-1) | B40: 140 | G40: =E40/C40 -> #DIV/0!
A41: Валюта курси фарқидан даромадлар Доходы от валютных курсовых разниц | B41: 150 | C41: 68138 | E41: 5189 | G41: =E41/C41 -> 0.076154275
A42: Молиявий фаолиятнинг бошқа даромадлари Прочие доходы от финансовой деятельности | B42: 160 | G42: =E42/C42 -> #DIV/0!
A43: Молиявий фаолият бўйича харажатлар (сатр.180+190+200+210), шу жумладан: Расходы по финансовой деятельности (стр.180+190+200+210), в том числе: | B43: 170 | D43: 2243053 | F43: =F44+F45+F46+F47 -> 671846 | G43: =E43/C43 -> #DIV/0!
A44: Фоизлар шаклидаги харажатлар Расходы в виде процентов | B44: 180 | D44: 2005606 | F44: 645369 | G44: =E44/C44 -> #DIV/0!
A45: Узоы муддатли ижара (лизинг) бўйича фоизлар шаклидаги харажатлар Расходы в виде процентов по долгосрочной аренде (лизингу) (Строка в редакции Приказа МФ, зарегистрированного МЮ 12.11.2003 г. N 1209-1) | B45: 190 | G45: =E45/C45 -> #DIV/0!
A46: Валюта курси фарқидан зарарлар Убытки от валютных курсовых разниц | B46: 200 | D46: 237447 | F46: =25379+1098 -> 26477 | G46: =E46/C46 -> #DIV/0!
A47: Молиявий фаолият бўйича бошқа харажатлар Прочие расходы по финансовой деятельности | B47: 210 | G47: =E47/C47 -> #DIV/0!
A48: Умумхўжалик фаолиятининг фойдаси (зарари) (сатр.100+110-170) Прибыль (убыток) от общехозяйственной деятельности (стр.100+110-170) | B48: 220 | C48: 11203178 | E48: =E36+E37-F43 -> 9370722 | G48: =E48/C48 -> 0.83643427
A49: Фавқулоддаги фойда ва зарарлар Чрезвычайные прибыли и убытки | B49: 230 | G49: =E49/C49 -> #DIV/0!
A50: Даромад (фойда) солиғини тўлагунга қадар фойда (зарар) (сатр.220+/-230) Прибыль (убыток) до уплаты налога на доходы (прибыль) (стр.220+/-230) | B50: 240 | C50: 11203178 | E50: =E48+E49 -> 9370722 | G50: =E50/C50 -> 0.83643427
A51: Даромад (фойда) солиғи Налог на доходы (прибыль) | B51: 250 | D51: 1747815 | F51: =налоги!D6 -> 1469110 | G51: =E51/C51 -> #DIV/0!
A52: Фойдадан бошқа солиқлар ва йиғимлар Прочие налоги и сборы от прибыли | B52: 260 | D52: 0 | F52: 0 | G52: =E52/C52 -> #DIV/0!
A53: Ҳисобот даврининг соф фойдаси (зарари) (сатр.240-250-260) Чистая прибыль (убыток) отчетного периода (стр.240-250-260) | B53: 270 | C53: 9455363 | E53: =E50-F51-F52 -> 7901612 | G53: =E53/C53 -> 0.83567516 | H53: =E53/C53 -> 0.83567516
A56: БЮДЖЕТГА ТЎЛОВЛАР ТЎҒРИСИДА МАЪЛУМОТ СПРАВКА О ПЛАТЕЖАХ В БЮДЖЕТ
A58: Кўрсаткичлар номи Наименование показателя | B58: Сатр коди Код строки | C58: Ҳисоб бўйича тўланади Причитается по расчету за отчетный период | E58: Ҳақиқатда тўланган Фактически внесено из причитающихся по расчету за 2020
C59: 1 | E59: 2
A60: юридик шахслардан олинадиган даромад(фойда) солиги Налог на доходы (прибыль)с юридических лиц | B60: 280 | C60: =налоги!D6 -> 1469110 | E60: =налоги!E6 -> 1501752
A61: жисмоний шахслардан олинадиган даромад солиги Налог на доходы с физических лиц | B61: 290 | C61: =налоги!D7 -> 1618949 | E61: =налоги!E7 -> 1618949
A62: Шу жумладан: шахсий жамгариб бориладиган пенсия хисобварикларига ажратмалар в том числе :отчисления в ИНПС граждан | B62: 291 | C62: =налоги!D8 -> 13430 | E62: =налоги!E8 -> 13430
A63: ободонлаштиртиш ва ижтимоий инфратузулмани ривожлантириш солиги Налог на благоустройство и развитие социальной инфраструктуры | B63: 300 | C63: =налоги!D9 -> 0 | E63: =налоги!E9 -> 0
A64: Қўшилган қиймат солиғи Налог на добавленную стоимость | B64: 310 | C64: =налоги!D10 -> 14940734 | E64: =налоги!E10 -> 15031602
A65: Акциз солиғи Акцизный налог | B65: 320 | C65: =налоги!D11 -> 91003605 | E65: =налоги!E11 -> 74306802
A66: Ер ости бойликларидан фойдаланганлик учун солиқ Налог за пользование недрами | B66: 330 | C66: =налоги!D12 -> 0 | E66: =налоги!E12 -> 0
A67: Сув ресурсларидан фойдаланганлик учун солиқ Налог за пользование водными ресурсами | B67: 340 | C67: =налоги!D13 -> 726912 | E67: =налоги!E13 -> 579817
A68: Юридик шахсларнинг Мол-мулкига солиғи Налог на имущество юридических лиц | B68: 350 | C68: =налоги!D14 -> 445968 | E68: =налоги!E14 -> 424000
A69: Юридик шахсларнингдан олинадиган ер солиғи Земельный налог с юридических лиц | B69: 360 | C69: =налоги!D15 -> 390158 | E69: =налоги!E15 -> 390158
A70: Ягона солиқ тулови Единый налоговый платеж | B70: 370 | C70: =налоги!D16 -> 0 | E70: =налоги!E16 -> 0
A71: Ягона ер солиги Единый земельный налог | B71: 380
A72: Катъий белгиланган солик Фиксированый налог | B72: 390 | C72: 0 | E72: =налоги!E18 -> 0
A73: Бошқа солиқлар Прочие налоги(девиденды) | B73: 400 | C73: =налоги!D17 -> 19605 | E73: =налоги!E17 -> 19605
A74: Республика йул жамгармаси мажбурий туловлар Обязательные отчисления в Республиканский дорожный фонд | B74: 410 | C74: 0 | E74: =налоги!E18 -> 0
A75: Бюджетдан ташкари Пенсия жамгармасига мажбурий туловлар Обязательные отчис во внебюджетный фонд 1,6%, | B75: 420 | C75: 0 | E75: =налоги!E19 -> 0
A76: Бюджетдан ташқари Умумтаълим мактаблари, касб-ҳунар коллежлари, академик лицейлар ва тиббиёт муассасаларини реконструкция қилиш, мукаммал таъмирлаш ва жиҳозлаш жамғармасига мажбурий ажратмалар Обязательные отчисления во внебюджетный Фонд реконструкции, капитального ремонта и оснащения общеобразовательных школ, профессиональных колледжей, академических лицеев и медицинских учреждений | B76: 430 | C76: 0 | E76: =налоги!E20 -> 0
A77: Ягона ижтимоий тўлов ва фуқароларнинг бюджетдан ташқари Пенсия жамғармасига суғурта бадаллари Единый социальный платеж и страховые взносы граждан во внебюджетный Пенсионный фонд | B77: 440 | C77: =налоги!D23 -> 1631653 | E77: =налоги!E23 -> 1631653
A78: Импорт буйича божхона божи Импортные таможенные пошлины | B78: 450 | E78: =налоги!E24 -> 0
A79: Махаллий бюджетга йигимлар Сборы в местный бюджет) | B79: 460 | C79: =налоги!D25 -> 0 | E79: =налоги!E25 -> 0
A80: Бюджетга тўловларнинг кечиктирилганлиги учун молиявий жазолар Финансовые санкции за просроченные платежи в бюджет | B80: 470 | C80: =налоги!D26 -> 0 | E80: =налоги!E26 -> 0
A81: Жами бюджетга тўловлар суммаси (280 дан 470 сатргача,291 сатрлардан ташқари) Всего сумма платежей в бюджет (стр. с 280 по 470 кроме стр.291) | B81: 480 | C81: =SUM(C60:D80)-C62 -> 112246694 | E81: =SUM(E60:F80)-E62 -> 95504338 | G81: =E81-C81 -> -16742356
A83: Раҳбар Руководитель___________________________
A84: Бош бухгалтер Главный бухгалтер______________________

Sheet Фин_рез+Налоги
B1: Ўзбекистон Республикаси Молия вазирининг 2002 йил 27 де- кабрдаги 140-сонли буйруғига 2-сонли илова, ЎзР АВ томони- дан 2003 й. 24 январда рўйхатга олинган N 1209 Приложение N 2 к Приказу министра финансов от 27 декабря 2002 г. N 140, зарегистрированному МЮ 24 января 2003 г. N 1209
A3: МОЛИЯВИЙ НАТИЖАЛАР ТЎҒРИСИДАГИ ҲИСОБОТ - 2-сонли шакл
A4: ОТЧЕТ О ФИНАНСОВЫХ РЕЗУЛЬТАТАХ - форма N 2
A6: =Баланс!B5 -> 2026 йил 1 июль
A7: =Баланс!B6 -> на 1 июля 2026 года
A9: Корхона, ташкилот Предприятие, организация АО BIOKIMYO | F9: Кодалар Коды
A10: Тармоқ Отрасль _промышленность | E10: БҲУТ бўйича 2-шакл- Форма N 2 по ОКУД-
A11: Ташкилий-ҳуқуқий шакли Организационно-правовая форма открытого типа_ | E11: КТУТ бўйича- по ОКПО- | F11: ОО478983
A12: Мулкчилик шакли Форма собственности __акционерное____ | E12: ХХТУТ бўйича- по ОКОНХ- | F12: 18141
E13: ТҲШТ бўйича- по КОПФ- | F13: 1151
A14: Вазирлик, идора ва бошқалар Министерства, ведомства и другие | E14: МШТ бўйича- по КФС- | F14: 144
E15: ДБИБТ бўйича- по СООГУ- | F15: 8254
A16: Солиқ тўловчининг идентификацион рақами Идентификационный номер налогоплательщика 200468069 | E16: СТИР- ИНН- | F16: 200468069
E17: МҲОБТ- СОАТО- | F17: 1727424
A18: Ҳудуд Территория | E18: Жўнатилган сана- Дата высылки-
A19: Манзил Адрес Янгиюльский р-он ул.Кимегар 1 | E19: Қабул қилинган сана- Дата получения-
A20: Ўлчов бирлиги, минг сўм Единица измерения, тыс. сум. | E20: Тақдим қилиш муддати- Срок представления- | F20: =Баланс!D19 -> 01.07.2026 г
A24: Кўрсаткичлар номи Наименование показателя | B24: Сатр коди Код строки | C24: Ўтган йилнинг шу даврида За соответствующий период прошлого года | E24: Ҳисобот даврида За отчетный период
C25: Даромадлар (фойда) Доходы (прибыль) | D25: Харажатлар (зарарлар) Расходы (убытки) | E25: Даромадлар (фойда) Доходы (прибыль) | F25: Харажатлар (зарарлар) Расходы (убытки)
A26: 1 | B26: 2 | C26: 3 | D26: 4 | E26: 5 | F26: 6
A27: Маҳсулот (товар, иш ва хизмат) ларни сотишдан соф тушум Чистая выручка от реализации продукции (товаров, работ и услуг) | B27: 010 | C27: =C30+D29+D28 -> 224326091 | E27: 226439476 | G27: =E27/C27 -> 1.009421
A28: НДС | D28: 24034938 | F28: 24261372 | G28: =E28/C28 -> #DIV/0! | H28: 4.6929492e+10
A29: Акциз | D29: 96049731 | F29: 91002771 | G29: =E29/C29 -> #DIV/0! | H29: 114768170820
A30: Маҳсулот (товар, иш ва хизмат) ларни сотишдан соф тушум Чистая выручка от реализации продукции (товаров, работ и услуг) | B30: 010 | C30: =Фин_рез!C27 -> 104241422 | D30: =Фин_рез!D27 -> 0 | E30: =Фин_рез!E27 -> 111175332 | F30: =Фин_рез!F27 -> 0 | G30: =E30/C30 -> 1.0665178
A31: Сотилган маҳсулот (товар, иш ва хизмат) ларнинг таннархи Себестоимость реализованной продукции (товаров, работ и услуг) | B31: 020 | C31: =Фин_рез!C28 -> 0 | D31: =Фин_рез!D28 -> 84021482 | E31: =Фин_рез!E28 -> 0 | F31: =Фин_рез!F28 -> 94399654 | G31: =E31/C31 -> #DIV/0!
A32: Маҳсулот (товар, иш ва хизмат) ларни сотишнинг ялпи фойдаси (зарари) (сатр.010-020) Валовая прибыль (убыток) от реализации продукции (товаров, работ и услуг) (стр.010-020) | B32: 030 | C32: =Фин_рез!C29 -> 20219940 | D32: =Фин_рез!D29 -> 0 | E32: =Фин_рез!E29 -> 16775678 | F32: =Фин_рез!F29 -> 0 | G32: =E32/C32 -> 0.82966013
A33: Давр харажатлари, жами (сатр.050+060+070+080), шу жумладан: Расходы периода, всего (стр.050+060+070+080), в том числе: | B33: 040 | C33: =Фин_рез!C30 -> 0 | D33: =Фин_рез!D30 -> 7877221 | E33: =Фин_рез!E30 -> 0 | F33: =Фин_рез!F30 -> 7746568 | G33: =E33/C33 -> #DIV/0!
A34: Сотиш харажатлари Расходы по реализации | B34: 050 | C34: =Фин_рез!C31 -> 0 | D34: =Фин_рез!D31 -> 551811 | E34: =Фин_рез!E31 -> 0 | F34: =Фин_рез!F31 -> 541628 | G34: =E34/C34 -> #DIV/0!
A35: Маъмурий харажатлар Административные расходы | B35: 060 | C35: =Фин_рез!C32 -> 0 | D35: =Фин_рез!D32 -> 2040599 | E35: =Фин_рез!E32 -> 0 | F35: =Фин_рез!F32 -> 2193688 | G35: =E35/C35 -> #DIV/0!
A36: Бошқа операцион харажатлар Прочие операционные расходы | B36: 070 | C36: =Фин_рез!C33 -> 0 | D36: =Фин_рез!D33 -> 5284811 | E36: =Фин_рез!E33 -> 0 | F36: =Фин_рез!F33 -> 5011252 | G36: =E36/C36 -> #DIV/0!
A37: Келгусида солиққа тортиладиган базадан чиқариладиган ҳисобот даври харажатлари Расходы отчетного периода, исключаемые из налогооблагаемой базы в будущем | B37: 080 | C37: =Фин_рез!C34 -> 0 | D37: =Фин_рез!D34 -> 0 | E37: =Фин_рез!E34 -> 0 | F37: =Фин_рез!F34 -> 0 | G37: =E37/C37 -> #DIV/0!
A38: Асосий фаолиятнинг бошқа даромадлари Прочие доходы от основной деятельности | B38: 090 | C38: =Фин_рез!C35 -> 1035374 | D38: =Фин_рез!D35 -> 0 | E38: =Фин_рез!E35 -> 832167 | F38: =Фин_рез!F35 -> 0 | G38: =E38/C38 -> 0.80373565
A39: Асосий фаолиятнинг фойдаси (зарари) (сатр. 030-040+090) Прибыль (убыток) от основной деятельности (стр.030-040+090) | B39: 100 | C39: =Фин_рез!C36 -> 13378093 | D39: =Фин_рез!D36 -> 0 | E39: =Фин_рез!E36 -> 9861277 | F39: =Фин_рез!F36 -> 0 | G39: =E39/C39 -> 0.73712128
A40: Молиявий фаолиятнинг даромадлари, жами (сатр.120+130+140+150+160), шу жумладан: Доходы от финансовой деятельности, всего (стр.120+130+140+150+160), в том числе: | B40: 110 | C40: =Фин_рез!C37 -> 68138 | D40: =Фин_рез!D37 -> 0 | E40: =Фин_рез!E37 -> 181291 | F40: =Фин_рез!F37 -> 0 | G40: =E40/C40 -> 2.6606446
A41: Дивидендлар шаклидаги даромадлар Доходы в виде дивидендов | B41: 120 | C41: =Фин_рез!C38 -> 0 | D41: =Фин_рез!D38 -> 0 | E41: =Фин_рез!E38 -> 0 | F41: =Фин_рез!F38 -> 0 | G41: =E41/C41 -> #DIV/0!
A42: Фоизлар шаклидаги даромадлар Доходы в виде процентов | B42: 130 | C42: =Фин_рез!C39 -> 0 | D42: =Фин_рез!D39 -> 0 | E42: =Фин_рез!E39 -> 176102 | F42: =Фин_рез!F39 -> 0 | G42: =E42/C42 -> #DIV/0!
A43: Узоқ муддатли ижара (лизинг) дан даромадлар Доходы от долгосрочной аренды (лизинг) (Строка в редакции Приказа МФ, зарегистрированного МЮ 12.11.2003 г. N 1209-1) | B43: 140 | C43: =Фин_рез!C40 -> 0 | D43: =Фин_рез!D40 -> 0 | E43: =Фин_рез!E40 -> 0 | F43: =Фин_рез!F40 -> 0 | G43: =E43/C43 -> #DIV/0!
A44: Валюта курси фарқидан даромадлар Доходы от валютных курсовых разниц | B44: 150 | C44: =Фин_рез!C41 -> 68138 | D44: =Фин_рез!D41 -> 0 | E44: =Фин_рез!E41 -> 5189 | F44: =Фин_рез!F41 -> 0 | G44: =E44/C44 -> 0.076154275
A45: Молиявий фаолиятнинг бошқа даромадлари Прочие доходы от финансовой деятельности | B45: 160 | C45: =Фин_рез!C42 -> 0 | D45: =Фин_рез!D42 -> 0 | E45: =Фин_рез!E42 -> 0 | F45: =Фин_рез!F42 -> 0 | G45: =E45/C45 -> #DIV/0!
A46: Молиявий фаолият бўйича харажатлар (сатр.180+190+200+210), шу жумладан: Расходы по финансовой деятельности (стр.180+190+200+210), в том числе: | B46: 170 | C46: =Фин_рез!C43 -> 0 | D46: =Фин_рез!D43 -> 2243053 | E46: =Фин_рез!E43 -> 0 | F46: =Фин_рез!F43 -> 671846 | G46: =E46/C46 -> #DIV/0!
A47: Фоизлар шаклидаги харажатлар Расходы в виде процентов | B47: 180 | C47: =Фин_рез!C44 -> 0 | D47: =Фин_рез!D44 -> 2005606 | E47: =Фин_рез!E44 -> 0 | F47: =Фин_рез!F44 -> 645369 | G47: =E47/C47 -> #DIV/0!
A48: Узоы муддатли ижара (лизинг) бўйича фоизлар шаклидаги харажатлар Расходы в виде процентов по долгосрочной аренде (лизингу) (Строка в редакции Приказа МФ, зарегистрированного МЮ 12.11.2003 г. N 1209-1) | B48: 190 | C48: =Фин_рез!C45 -> 0 | D48: =Фин_рез!D45 -> 0 | E48: =Фин_рез!E45 -> 0 | F48: =Фин_рез!F45 -> 0 | G48: =E48/C48 -> #DIV/0!
A49: Валюта курси фарқидан зарарлар Убытки от валютных курсовых разниц | B49: 200 | C49: =Фин_рез!C46 -> 0 | D49: =Фин_рез!D46 -> 237447 | E49: =Фин_рез!E46 -> 0 | F49: =Фин_рез!F46 -> 26477 | G49: =E49/C49 -> #DIV/0!
A50: Молиявий фаолият бўйича бошқа харажатлар Прочие расходы по финансовой деятельности | B50: 210 | C50: =Фин_рез!C47 -> 0 | D50: =Фин_рез!D47 -> 0 | E50: =Фин_рез!E47 -> 0 | F50: =Фин_рез!F47 -> 0 | G50: =E50/C50 -> #DIV/0!
... A55: Фойдадан бошқа солиқлар ва йиғимлар Прочие налоги и сборы от прибыли | B55: 260 | C55: =Фин_рез!C52 -> 0 | D55: =Фин_рез!D52 -> 0 | E55: =Фин_рез!E52 -> 0 | F55: =Фин_рез!F52 -> 0 | G55: =E55/C55 -> #DIV/0!
A56: Ҳисобот даврининг соф фойдаси (зарари) (сатр.240-250-260) Чистая прибыль (убыток) отчетного периода (стр.240-250-260) | B56: 270 | C56: =Фин_рез!C53 -> 9455363 | D56: =Фин_рез!D53 -> 0 | E56: =Фин_рез!E53 -> 7901612 | F56: =Фин_рез!F53 -> 0 | G56: =E56/C56 -> 0.83567516 | H56: =E56/C56 -> 0.83567516

Sheet 4_Ф
B1: Ўзбекистон Республикаси Молия вазирининг 2002 йил 27 декабрдаги 140-сонли буйруғига 4-сонли илова, ЎзР АВ томонидан 2003 й. 24 январда рўйхатга олинган N 1209 Приложение N 4 к Приказу министра финансов от 27 декабря 2002 г. N 140, зарегистриро-ванному МЮ 24 января 2003 г. N 1209
A2: ПУЛ ОҚИМЛАРИ ТЎҒРИСИДА ҲИСОБОТ - 4-сонли шакл
A3: ОТЧЕТ О ДЕНЕЖНЫХ ПОТОКАХ - форма N 4
A4: =Баланс!B5 -> 2026 йил 1 июль
A5: =Баланс!B6 -> на 1 июля 2026 года
D7: Кодалар Коды
A8: Корхона, ташкилот Предприятие, организация _ АО BIOKIMYO | B8: БҲУТ бўйича 4-шакл Форма N 4 по ОКУД | D8: 0710004
A9: Тармоқ Отрасль ___промышленность | B9: КТУТ бўйича- по ОКПО- | D9: 478983
A10: Ташкилий-ҳуқуқий шакли Организационно-правовая форма ________________ | B10: ХХТУТ бўйича- по ОКОНХ- | D10: 18141
A11: Мулкчилик шакли Форма собственности __Акционерное | B11: ТҲШТ бўйича- по КОПФ- | D11: 1151
A12: Вазирлик, идора ва бошқалар Министерства, ведомства и другие _____________________ | B12: МШТ бўйича- по КФС- | D12: 144
A13: Солиқ тўловчининг идентификацион рақами Идентификационный номер налогоплательщика 200468069 | B13: ДБИБТ бўйича- по СООГУ- | D13: 8254
A14: Ҳудуд Территория | B14: СТИР- ИНН- | D14: 200468069
A15: Манзил Адрес __г.Янгиюль ул.Кимегар 1 | B15: МҲОБТ- СОАТО-
A16: Ўлчов бирлиги, минг сўм Единица измерения, тыс. сум. | B16: Жўнатилган сана- Дата высылки-
B17: Қабул қилинган сана- Дата получения-
B18: Тақдим қилиш муддати- Срок представления- | D18: =Фин_рез!F20 -> 01.07.2026 г
A21: Кўрсаткичлар номи Наименование показателей | B21: Сатр коди Код стр | C21: Кирим Приход | D21: Чиқим Расход
C22: 1 | D22: 2
A23: Операцион фаолият Операционная деятельность
A24: Маҳсулот (товар иш ва хизмат) ларни сотишдан келиб тушган пул маблағлари Денежные поступления от реализации продукции (товаров, работ и услуг) | B24: 010 | C24: 503688287 | D24: 0
A25: Материал товар иш ва хизматлар учун мол етказиб берувчиларга тўланган пул маблағлари Денежные выплаты поставщикам за материалы, товары работы и услуги | B25: 020 | D25: 217982445
A26: Ходимларга ва улар номидан тўланган пул маблағлари Денежные платежи персоналу и от их имени | B26: 030 | C26: 0 | D26: 24294441 | E26: =C24+C27-D25-D26-D27 -> 300383876
A27: Операцион фаолиятнинг бошқа пул тушумлари ва тўловлари Другие денежные поступления и выплаты от операционной деятельности | B27: 040 | C27: =40363022+39695 -> 40402717 | D27: =1430242 -> 1430242 | F27: =F51 -> 8534799
A28: Жами. операцион фаолиятнинг соф пул кирими/чиқими (сатр 010-020-030+/-040) Итого: чистый денежный приток/ отток от операционной деятельности (стр 010-020-030+/-040) | B28: 050 | C28: =C24+C25+C26+C27-D24-D25-D26-D27 -> 300383876 | D28: 0 | F28: 4.6906481e+08
A29: Инвестиция фаолияти Инвестиционная деятельность | F29: 3.8751173e+09
A30: Асосий воситаларни сотиб олиш ва сотиш Приобретение и продажа основных средств | B30: 060 | C30: 5580728 | D30: 10995570 | F30: 5.4028573e+08
A31: Номоддий активларни сотиб олиш ва сотиш Приобретение и продажа нематериальных активов | B31: 070 | C31: 0 | D31: 0
A32: Узоқ ва қиска муддатли инвестицияларни сотиб олиш ва сотиш Приобретение и продажа долгосрочных и краткосрочных инвестиций | B32: 080 | D32: 0
A33: Инвестицион фаолиятнинг бошқа пул тушумлари ва тўловлари Другие денежные поступления и выплаты от инвестиционной деятельности | B33: 090 | D33: 0
A34: Жами: инвестицион фаолиятнинг соф пул кирими/чиқими (сатр 060+/-070+/-080+/-090) Итого: чистый денежный приток/отток от инвестиционной деятельности (стр. 060+/-070+/-080+/-090) | B34: 100 | D34: =D30-C30 -> 5414842 | F34: =C28+C34 -> 300383876
A35: Молиявий фаолият Финансовая деятельность
A36: Олинган ва тўланган фоизлар Полученные и выплаченные проценты | B36: 110 | C36: 13647 | D36: 3553285
A37: Олинган ва тўланган дивидендлар Полученные и выплаченные дивиденды | B37: 120 | D37: 5574732
A38: Акциялар чиқаришдан ёки хусусий капитал билан боғлиқ бўлган бошқа инстументлардан келган пул тушумлари Денежные поступления от выпуска акций или других инструментов связанных с собственным капиталом | B38: 130 | C38: 0 | D38: 0
A39: Хусусий акциялар сотиб олингандаги пул тўловлари Денежные выплаты при выкупе собственных акций | B39: 140 | C39: 0 | D39: 0
A40: Узоқ ва қисқа муддатли кредит ва қарзлар бўйича пул тушумлари ва тўловлари Денежные поступления и выплаты по долгосрочным и краткосрочным кредитам и займам | B40: 150 | D40: 15479743
A41: Узоқ муддатли ижара (лизинг) бўйича пул тушумлари ва тўловлари Денежные поступления и платежи по долгосрочной аренде (лизингу) | B41: 160 | D41: 0 | F41: =D47-262469228 -> -629106 | I41: 2.58701e+11 | J41: 3.0676841e+09 | K41: 71438097
A42: Молиявий фаолиятнинг бошқа пул тушумлари ва тўловлари Другие денежные поступления и выплаты от финансовой деятельности | B42: 170 | C42: 0 | D42: 0 | F42: 2.6246923e+11 | G42: 18609842250 | I42: =I41+J41+K41 -> 2.6184012e+11
A43: Жами: молиявий фаолиятнинг соф пул кирими/чиєими (сатр 110+/-120+130-140+/-150+/-160-1-/-170) Итого: Чистый денежный приток/отток от финансовой деятельности (стр.110+/-120+130-140+/-150+/-16О+/-170) | B43: 180 | C43: 0 | D43: =D36-C36+D40+D37-C37-C40 -> 24594113 | F43: 2.4385939e+11 | I43: =F42-I42 -> 6.2910575e+08 | J43: дивиденды
A45: Тўланган даромад (фоида) солиғи Уплаченный налог на доход (прибыль) | B45: 190 | C45: 0 | D45: 2497074
A46: Тўланган бошқа солиқлар Уплаченные прочие налоги | B46: 200 | C46: =18610842 -> 18610842 | D46: 259343048
A47: Жами тўланган солиқлар (сатр 190+200) Итого: уплаченные налоги (стр. 190+200) | B47: 210 | C47: =C45+C46 -> 18610842 | D47: =D45+D46 -> 261840122 | E47: =C28 -> 300383876 | F47: =D28+D34+D43+D47 -> 291849077 | H47: =F47-E47 -> -8534799 | I47: =D47-налоги!E27 -> 166335784 | L47: =D47-C47 -> 243229280
A48: Жами молиявий-хўжалик фаолиятининг соф пул кирими/чиқими (сатр 050+/- 100+/- 180-2 10) Итого: чистый денежный приток/отток от финансово-хозяйственной деятельности (стр. 050+/-100+/-180-210) | B48: 220 | C48: =C28-D34-D43-D47 -> 8534799 | E48: =G48-F48 -> -8534799 | F48: =C28 -> 300383876 | G48: =D34+D43+D47 -> 291849077 | I48: 18609842
A49: Йил бошидаги пул маблағлари Денежные средства на начало года | B49: 230 | C49: 11576455 | I49: =I47-I48 -> 147725942
A50: Йил охиридаги пул маблағлари Денежные средства на конец года | B50: 240 | C50: =C48+C49 -> 20111254 | E50: =C50-C49 -> 8534799 | F50: =C49+D48 -> 11576455
A51: ЧЕТ ЭЛ ВАЛЮТАСИДАГИ ПУЛ МАБЛАҒЛАРИНИНГ ҲАРАКАТИ ТЎҒРИСИДА МАЪЛУМОТ СПРАВКА О ДВИЖЕНИИ ДЕНЕЖНЫХ СРЕДСТВ В ИНОСТРАННОЙ ВАЛЮТЕ | F51: =D48+E50 -> 8534799 | H51: =50318000-D47 -> -211522122 | J51: =C49+C48 -> 20111254
A52: Кўрсаткичлар номи Наименование показателей | B52: Сатр коди Код стр. | C52: Миқдори Сумма | J52: =J51-C50 -> 0
C53: 1 | F53: =налоги!E27-'4_Ф'!D47 -> -166335784
A54: Йил бошига қолдиқ Остаток на начало года | B54: 250
A55: Келиб тушган валюта маблағлари, жами (сатр 261+262+263+264), шу жумладан Поступило валютных средств, всего (стр. 261+262+263+264) в том числе | B55: 260 | C55: =C57+C59 -> 17573300
A56: Сотишдан олинган тушум Выручка от реализации | B56: 261
A57: Конвертация қилинган Проконвертировано | B57: 262 | C57: =17070137+503163 -> 17573300
A58: Молиявий фаолият бўйича По финансовой деятельности | B58: 263
A59: Бошқа манбалар Другие источники | B59: 264
A60: Сарфланган валюта маблағлари, жами (сатр 271+272+273), шу жумладан Израсходовано валютных средств, всего (стр. 271+272+273), в том числе | B60: 270 | C60: =C61 -> 17573300
A61: Мол етказиб берувчилар ва пудратчиларга тўловлар Выплаты поставщикам и подрядчикам | B61: 271 | C61: 17573300
A62: Молиявий фаолият бўйича тўловлар Выплаты по финансовой деятельности | B62: 272
A63: Бошқа мақсадлар учун На другие цели | B63: 273
A64: ЧЕТ ЭЛ ВАЛЮТАСИДАГИ ПУЛ МАБЛАҒЛАРИНИНГ кайта бахолашдан юзага келган курс фарклари сальдоси Сальдокурсовых разниц ,образовавшихся от переоценки денежных средств в иностранной валюте | B64: 280
A65: Йил охиридаги қолдиқ (сатр 250+260-270+)/-280 Остаток на конец года (стр. 250+260-270+)/-280 | B65: 290 | C65: =C54+C55-C60 -> 0
A66: Рахбар Бош бухгалтер Руководитель ___________________________ Главный бухгалтер ________________________

Sheet Ф_5
G1: Ўзбекистон Республикаси Молия вазирининг 2002 йил 27 декабрдаги 140-сонли буйруғига 5-сонли илова, ЎзР АВ томонидан 2003 й. 24 январда рўйхатга олинган N 1209 Приложение N 5 к Приказу министра финансов от 27 декабря 2002 г. N 140, зарегистрированному МЮ 24 января 2003 г. N 1209
A2: ХУСУСИЙ КАПИТАЛ ТЎҒРИСИДАГИ ҲИСОБОТ - 5-сонли шакл ОТЧЕТ О СОБСТВЕННОМ КАПИТАЛЕ - форма N 5
A3: =Баланс!B5 -> 2026 йил 1 июль
A4: =Баланс!B6 -> на 1 июля 2026 года
I5: Кодалар Коды
A6: Корхона, ташкилот Предприятие, организация АО BIOKIMYO | G6: БҲУТ бўйича 5-шакл- Форма N 5 по ОКУД- | I6: 0710005
A7: Тармоқ Отрасль _____________________________________________________________________ | G7: КТУТ бўйича- по ОКПО- | I7: 478983
A8: Ташкилий-ҳуқуқий шакли Организационно-правовая форма ___Акционерное | G8: ХХТУТ бўйича- по ОКОНХ- | I8: 18141
A9: Мулкчилик шакли Форма собственности __________________________________________________________ | G9: ТҲШТ бўйича- по КОПФ- | I9: 1151
A10: Вазирлик, идора ва бошқалар Министерства, ведомства и другие ________________________ | G10: МШТ бўйича- по КФС- | I10: 144
A11: Солиқ тўловчининг идентификацион рақами Идентификационный номер налогоплательщика__200468069 | G11: ДБИБТ бўйича- по СООГУ- | I11: 8254
A12: Ҳудуд Территория | G12: СТИР- ИНН- | I12: 200468069
A13: Манзил Адрес ___ г.Янгиюль ул.Кимегар 1____ | G13: МҲОБТ- СОАТО- | I13: 1727426
A14: Ўлчов бирлиги, минг сўм Единица измерения, тыс. сум. | G14: Жўнатилган сана- Дата высылки-
G15: Қабул қилинган сана- Дата получения-
G16: Тақдим қилиш - Срок представления- | I16: =Баланс!D19 -> 01.07.2026 г
A17: Кўрсаткичлар номи Наименование показателя | B17: Сатр коди Код стр. | C17: Устав капитали Уставный капитал | D17: Қўшилган капитал Добавленный капитал | E17: Резерв капитали Резервный капитал | F17: Тақсимланмаган фойда (қоплан-маганзарар) Нераспределен-ная прибыль (не-покрытые убыт-ки) | G17: Сотиб олинган хусусий акциялар Выкупленные собственные акции | H17: Мақсадли тушумлар ва бошқалар Целевые поступления и прочие | I17: Жами Итого
A18: 1 | B18: 2 | C18: 3 | D18: 4 | E18: 5 | F18: 6 | G18: 7 | H18: 8 | I18: 9
A19: Йил бошидаги қолдиқ Остаток на начало года | B19: 010 | C19: =Баланс!C92 -> 19139488 | E19: =Баланс!C94 -> 9306053 | F19: =Баланс!C96 -> 80633982 | H19: =Баланс!C97 -> 9501528 | I19: =C19+E19+F19+H19 -> 118581051
A20: Қимматли қоғозлар эмиссияси Эмиссия ценных бумаг | B20: 020 | C20: 0 | E20: x | F20: x | G20: x | H20: x
A21: Узоқ муддатли активларни қайта баҳолаш Переоценка долгосрочных активов | B21: 030 | C21: x | D21: x | E21: -225419 | F21: x | G21: x | H21: x | I21: =E21 -> -225419
A22: Устав капиталини шаклланти-ришда пайдо бўлган валюта курси фарқлари Валютная курсовая разница при формировании уставного капитала | B22: 040 | C22: x | E22: x | F22: x | G22: x | H22: x
A23: Резерв капиталига ажратмалар Отчисления в резервный капитал | B23: 050 | C23: x | D23: x | E23: 118823 | G23: x | H23: x | I23: =E23+F23 -> 118823
A24: Жорий йилнинг тақсимланмаган фойдаси (зарари) Нераспределенная прибыль (убыток) текущего года | B24: 060 | C24: x | D24: x | E24: x | F24: =Фин_рез!E53 -> 7901612 | G24: x | H24: x | I24: =F24 -> 7901612
A25: Текинга олинган мол-мулк Безвозмездно полученное имущество | B25: 070 | C25: x | D25: x | E25: 0 | F25: x | G25: x | H25: x
A26: Мақсадли фойдаланиш учун олинган маблағлар Полученные средства по целевому назначению | B26: 080 | C26: x | D26: x | E26: x | F26: x | G26: x | I26: =H26 -> 0
A27: Тўланган дивидендлар Дивиденды уплаченные | B27: 090 | C27: x | D27: x | E27: x | F27: =-5713280 -> -5713280 | G27: x | H27: x | I27: =F27 -> -5713280
A28: Хусусий капитал шакллани-шининг бошқа манбалари Прочие источники формирования собственного капитала | B28: 100 | I28: =C28+E28+F28+H28 -> 0 | O28: =F28+F27+F23 -> -5713280
A29: Йил охиридаги қолдиқ Остаток на конец года | B29: 110 | C29: =C19+C20+C28 -> 19139488 | E29: =E19+E30 -> 9199457 | F29: =F19+F30 -> 82803594 | H29: =H19+H26+H28 -> 9501528 | I29: =I19+I21+I23+I24+I27+I28+I26-18720 -> 120644067 | J29: =I29-Баланс!D99 -> -5225215
A30: Хусусий капиталининг кўпайиши (+) ёки камайиши (-) Увеличение (+) или уменьшение (-) собственного капитала | B30: 120 | C30: =C28 -> 0 | E30: =E21+E23+E28 -> -106596 | F30: =F24+F27+F28+F23-18720 -> 2169612 | H30: =H26+H28 -> 0 | I30: =C30+E30+F30+H30 -> 2063016 | J30: =I29-I19 -> 2063016
A31: МАЪЛУМОТ УЧУН: СПРАВОЧНО:
A32: Чиқарилган акциялар сони, дона Количество выпущенных акций, шт. | B32: 130 | C32: x | D32: x | E32: x | F32: x | G32: x | H32: x
A33: шу жумладан: в том числе:
A34: имтиёзли привилегированные | B34: 131 | C34: x | D34: x | E34: x | F34: x | G34: x | H34: x | I34: 0
A35: оддий простые | B35: 132 | C35: x | D35: x | E35: x | F35: x | G35: x | H35: x
A36: Акциянинг номинал қиймати Номинальная стоимость акции | B36: 140 | C36: x | D36: x | E36: x | F36: x | G36: x | H36: x | I36: 3
A37: Муомаладаги акциялар сони, дона Количество акций в обращении, шт. | B37: 150 | C37: x | D37: x | E37: x | F37: x | G37: x | H37: x | I37: 5713280
A38: шу жумладан: в том числе:
A39: имтиёзли привилегированные | B39: 151 | C39: x | D39: x | E39: x | F39: x | G39: x | H39: x | I39: 0
A40: оддий простые | B40: 152 | C40: x | D40: x | E40: x | F40: x | G40: x | H40: x | I40: =I37 -> 5713280
A41: Рахбар Руководитель___________________________ Бош бухгалтер Главный бухгалтер______________________
